 Dungeon Crawl Stone Soup version 0.28.0-53-g5a82cb258f (webtiles) character file.

Game seed: 8666799201039048279

38 protoss039 the Covered (level 3, 0/33 HPs)
             Began as a Minotaur Fighter on Aug 31, 2022.
             Succumbed to a goblin's poison
             ... on level 2 of the Dungeon.
             The game lasted 00:03:52 (1037 turns).

protoss039 the Covered (Minotaur Fighter)           Turns: 1037, Time: 00:03:52

Health: 0/33       AC:  7    Str: 22    XL:     3   Next: 25%
Magic:  2/2        EV:  9    Int:  5    God:
Gold:   150        SH:  4    Dex:  9    Spells: 2/2 levels left

rFire   . . .      SeeInvis .   a - +0 war axe
rCold   . . .      Faith    .   c - +0 buckler
rNeg    . . .      Spirit   .   b - +0 scale mail
rPois   .          Reflect  .   (helmet restricted)
rElec   .          Harm     .   (no cloak)
rCorr   .          Rampage  .   (no gloves)
Will    .....                   (no boots)
Stlth   ..........              (no amulet)
HPRegen 0.11/turn               (no ring)
MPRegen 0.08/turn               (no ring)

@: brilliant, lethally poisoned (0 -> -20)
A: horns 2, retaliatory headbutt
a: no special abilities


You were on level 2 of the Dungeon.
You visited 1 branch of the dungeon, and saw 2 of its levels.

You collected 150 gold pieces.

Inventory:

Hand Weapons
 a - a +0 war axe (weapon)
Armour
 b - a +0 scale mail (worn)
 c - a +0 buckler (worn)
Scrolls
 f - a scroll of teleportation {unknown}
Potions
 d - a potion of might
 e - a potion of brilliance


   Skills:
 + Level 4.1 Fighting
 + Level 2.7 Axes
 + Level 4.3 Armour
 + Level 4.1 Shields


You had 2 spell levels left.
You didn't know any spells.
Your spell library was empty.

Dungeon Overview and Level Annotations

Branches:
Dungeon (2/15)

Altars:

Shops:
D:1 [

Annotations:
D:2 Robin


Innate Abilities, Weirdness & Mutations

You have a pair of horns on your head.
You reflexively headbutt those who attack you in melee.


Message History

The goblin is severely wounded.
You feel very sick.
The goblin hits you with a +0 dagger of venom.
You are lethally poisoned!
A hobgoblin comes into view.
The goblin hits you but does no damage.
You are more poisoned.
Unknown command.
Unknown command.
Okay, then.
Okay, then.
It was a potion of brilliance.
You feel clever all of a sudden.
You feel extremely sick. The goblin closely misses you.
Unknown command.
Okay, then.
Okay, then.
Unknown command.
Okay, then.
You slash the goblin!
You kill the goblin!
* * * LOW HITPOINT WARNING * * *
You feel extremely sick.
Unknown command.
Unknown command.
Press: ? - help, v - describe, . - travel
Here: a goblin, wielding a +0 dagger (strong)
The floor.
Okay, then.
Okay, then.
Okay, then.
You aren't carrying any items that you can evoke.
Press: ? - help, v - describe, . - travel
Here: Robin, wielding a +0 club, wearing a +0 animal skin and wearing a +0 helmet The floor.
Press: ? - help, v - describe, . - travel
Here: a goblin, wielding a +0 dagger (strong)
The floor.
You die... . #########g... #>.ggg.ggggg.

#@##########.
#.# #.# #.# #.#
######+## #.#
#.......# #.#
#.......+
#.#####.......##
#..............#


You could see 2 hobgoblins and 3 goblins.

Vanquished Creatures
  2 worms (D:2)
  2 endoplasms (D:1)
  3 giant cockroaches
  4 goblins (D:2)
  2 hobgoblins
  3 jackals (D:1)
  2 quokkas (D:1)
  A ball python (D:1)
  5 bats (D:1)
  3 frilled lizards
  A kobold (D:1)
  A rat (D:1)
29 creatures vanquished.

Notes
Turn   | Place    | Note
-------+----------+-------------------------------------------
     0 | D:1      | protoss039 the Minotaur Fighter began the quest for the
                  | Orb.
     0 | D:1      | Reached XP level 1. HP: 19/19 MP: 0/0
   125 | D:1      | Found Meprilleroa's Antique Armour Shop.
   136 | D:1      | Reached XP level 2. HP: 23/27 MP: 1/1
   922 | D:2      | Reached XP level 3. HP: 30/33 MP: 2/2
  1023 | D:2      | Noticed Robin
  1037 | D:2      | Succumbed to a goblin's poison

Illustrated notes

Levels and vault maps discovered:
D:1:      psy_arrival_terrarium, layout_basic, serial_shops, shop_coins,
          chequers_serial_rivers_micro_d
D:2:      layout_basic, serial_shops, shop, uniq_robin

Skill      XL: |  1  2 |
---------------+-------+-----
Armour         | 4 |  4.3
Shields        | 4 |  4.1
Fighting       | 4 |  4.1
Axes           | |  2.7

Action                   || total
-------------------------++-------
Melee: War axe           ||    49
       Headbutt          ||     9
  Use: Potion            ||     1
Armor: Scale mail        ||    33
Dodge: Dodged            ||    24
Block: Buckler           ||     9
